 Dungeon Crawl Stone Soup version 0.21.0-3-g78d12a8 (webtiles) character file.

717 letownia2 the Magician (level 7, -1/33 HPs)
             Began as a Vine Stalker Wizard on Jan 14, 2018.
             Was an Initiate of Gozag.
             Slain by an iguana (11 damage)
             ... on level 5 of the Dungeon.
             The game lasted 00:09:18 (3750 turns).

letownia2 the Magician (Vine Stalker Wizard)        Turns: 3750, Time: 00:09:19

Health: -1/33      AC:  5    Str: 15    XL:     7   Next: 70%
Magic:  0/14       EV: 11    Int: 18    God:    Gozag
Gold:   429        SH:  0    Dex: 13    Spells: 5/14 levels left

rFire    . . .     SeeInvis .   a - +1 flail (holy)
rCold    . . .     Gourm    .   (no shield)
rNeg     + . .     Faith    .   j - +0 ring mail
rPois    .         Spirit   +   b - +0 hat
rElec    .         Reflect  .   (no cloak)
rCorr    .         Harm     .   (no gloves)
MR       .....                  (no boots)
Stlth    +.........             (no amulet)
HPRegen  0.51/turn              y - ring of positive energy (curse)
MPRegen  0.14/turn              B - +4 ring of strength

@: very slightly contaminated
A: fangs 2, regeneration 1, magic shield, antimagic bite, no potion heal 3, rot
immunity
a: Potion Petition, Call Merchant, Bribe Branch, Renounce Religion


You were on level 5 of the Dungeon.
You worshipped Gozag.
Gozag was aware of your devotion.
You were not hungry.

You visited 2 branches of the dungeon, and saw 6 of its levels.

You collected 453 gold pieces.
You paid 24 gold pieces to Gozag.

Inventory:

Hand Weapons
 a - a +1 flail of holy wrath (weapon)
 g - a +0 short sword
Missiles
 p - 2 curare-tipped needles
Armour
 b - a +0 hat (worn)
 i - a +0 robe
 j - a +0 ring mail (worn)
Jewellery
 m - an uncursed ring of protection from cold
 q - an uncursed ring of see invisible
 y - a cursed ring of positive energy (left hand)
 B - a +4 ring of strength (right hand)
Wands
 C - a wand of digging (18)
Scrolls
 e - 4 scrolls of amnesia {unknown}
 f - 7 scrolls of identify {unknown}
 h - 5 scrolls of teleportation {unknown}
 k - 2 scrolls of random uselessness {unknown}
 l - a scroll of enchant weapon {unknown}
 n - a scroll of blinking {unknown}
 r - a scroll of enchant armour {unknown}
 u - a scroll of remove curse {unknown}
 v - a scroll of noise {unknown}
 x - a scroll of fear {unknown}
Potions
 o - a potion of degeneration {unknown}
 s - 4 potions of heal wounds {unknown}
 t - 2 potions of magic {unknown}
 w - a potion of cancellation {unknown}
 z - a potion of mutation {unknown}
 A - 2 potions of resistance {unknown}
Books
 c - a book of Minor Magic

   Spells                             Type                      Level
   a - Magic Dart                     Conjuration                  1
   b - Blink                          Translocation                2
   c - Call Imp                       Summoning                    2
   d - Slow                           Hexes                        2
   e - Conjure Flame                  Conjuration/Fire             3
   f - Mephitic Cloud                 Conjuration/Poison/Air       3
Comestibles
 d - 8 rations


   Skills:
 - Level 1.1 Fighting
 + Level 2.6 Armour
 - Level 1.5 Dodging
 - Level 2.4 Stealth
 + Level 4.3 Spellcasting
 - Level 4.0 Conjurations
   Level 1.0 Summonings
 - Level 2.2 Translocations
 - Level 2.4 Fire Magic
 - Level 2.4 Air Magic
 - Level 2.4 Poison Magic


You had 5 spell levels left.
You knew the following spells:

 Your Spells              Type           Power        Failure   Level  Hunger
a - Magic Dart            Conj           ###.         5%          1    None
b - Blink                 Tloc           N/A          17%         2    ##.....
c - Conjure Flame         Conj/Fire      ###.....     22%         3    ###....
e - Mephitic Cloud        Conj/Pois/Air  ##......     24%         3    ###....


Dungeon Overview and Level Annotations

Branches:
Dungeon (5/15)             Temple (1/1) D:4

Altars:
Dithmenos
Elyvilon
Fedhas
Gozag
Hepliaklqana
Kikubaaqudgha
Nemelex Xobeh
Okawaru
Qazlal
Ru
Sif Muna
Trog
Uskayaw
Wu Jian
Xom
Yredelemnul
Zin
The Shining One


Innate Abilities, Weirdness & Mutations

You have extremely sharp teeth.
Your natural rate of healing is unusually fast.
When hurt, damage is shared between your health and your magic reserves.
Your bite disrupts and absorbs the magic of your enemies.
Potions cannot restore your health.
You are immune to rotting.


Message History

Aim: an iguana (heavily wounded)
The magic dart hits the iguana.
The iguana is severely wounded.
The iguana hisses menacingly.
The iguana barely misses you.
Casting: Magic Dart
Confirm with . or Enter, or press ? or * to list all spells.
Aiming: Magic Dart
Press: ? - help, Shift-Dir - straight line, f/p - iguana
Aim: an iguana (severely wounded)
The magic dart hits the iguana.
The iguana is severely wounded.
The iguana bites you!
You are too injured to fight recklessly!
You are too injured to fight recklessly!
You closely miss the iguana. Your bite misses the iguana.
The iguana is severely wounded.
The iguana bites you!
You die...
Your body crumbles into a pile of gold.

#.......# #.......#
##+####.#############
#.....>.............
######..............
########.#############
#.....##.# #.....'..#
#....@####
#....l.....#
#......###.# ####+#..
.#. .#.. .# ## .#


You could see an iguana.

Vanquished Creatures
  An ice beast (D:5)
  An ogre (D:4)
  3 phantoms (D:4)
  A centaur (D:5)
  An iguana (D:4)
  A worker ant (D:4)
  A howler monkey skeleton (D:4)
  4 adders
  An ooze (D:3)
  2 worms (D:2)
  4 dart slugs (D:1)
  5 leopard geckos
  8 orcs
  A giant cockroach (D:1)
  6 goblins
  8 hobgoblins
  5 jackals
  5 kobolds
  5 quokkas
  8 bats
  6 frilled lizards
  6 rats
83 creatures vanquished.

Notes
Turn   | Place    | Note
-------+----------+-------------------------------------------
     0 | D:1      | letownia2 the Vine Stalker Wizard began the quest for the Orb.
     0 | D:1      | Reached XP level 1. HP: 9/9 MP: 5/5
   142 | D:2      | Reached XP level 2. HP: 10/13 MP: 5/7
   727 | D:4      | Reached XP level 3. HP: 16/16 MP: 3/8
   732 | D:4      | Learned a level 3 spell: Mephitic Cloud
   736 | D:4      | Learned a level 3 spell: Conjure Flame
   961 | D:4      | Noticed a phantom
  1092 | D:4      | Killed a phantom
  1092 | D:4      | Reached skill level 1 in Armour
  1092 | D:4      | Reached skill level 1 in Fire Magic
  1092 | D:4      | Reached skill level 1 in Air Magic
  1092 | D:4      | Reached skill level 1 in Poison Magic
  1092 | D:4      | Gained mutation: Your natural rate of healing is unusually fast. [Vine Stalker growth]
  1092 | D:4      | Reached XP level 4. HP: 13/21 MP: 1/9
  1092 | D:4      | Reached XP level 5. HP: 15/24 MP: 1/10
  1096 | D:4      | Learned a level 2 spell: Blink
  1121 | D:4      | Noticed a phantom
  1194 | D:4      | Killed a phantom
  1239 | D:4      | Reached XP level 6. HP: 28/28 MP: 4/11
  1352 | D:4      | Noticed a phantom
  1433 | D:4      | Killed a phantom
  1609 | D:4      | Reached XP level 7. HP: 32/32 MP: 11/13
  1722 | D:4      | Found a staircase to the Ecumenical Temple.
  1743 | Temple   | Entered the Ecumenical Temple
  1751 | Temple   | Became a worshipper of Gozag Ym Sagoz the Greedy
  3132 | D:1      | Reached skill level 1 in Fighting
  3529 | D:5      | Entered Level 5 of the Dungeon
  3750 | D:5      | Slain by an iguana

Skill      XL: |  1  2  3  4  5  6  7 |
---------------+----------------------+-----
Conjurations   | 2 3 4 |  4.0
Armour         | 1 2 |  2.6
Fire Magic     | 1 2 |  2.4
Air Magic      | 1 2 |  2.4
Poison Magic   | 1 2 |  2.4
Translocations | 2 |  2.2
Fighting       | 1 |  1.1
Spellcasting   | 4 |  4.3
Dodging        | |  1.5
Stealth        | |  2.4
Summonings     | |  1.0

Action                   |  1- 3 |  4- 6 |  7- 9 || total
-------------------------+-------+-------+-------++-------
Melee: Unarmed           |    12 |       |       ||    12
       Bite              |     5 |    18 |    14 ||    37
       Short sword       |    34 |    67 |     1 ||   102
       Flail             |       |       |    54 ||    54
 Cast: Magic Dart        |    58 |    41 |   120 ||   219
       Mephitic Cloud    |       |     3 |       ||     3
       Conjure Flame     |       |     1 |       ||     1
 Stab: Sleeping          |     1 |       |       ||     1
       Confused          |       |     3 |       ||     3
  Eat: Chunk             |       |     2 |     1 ||     3
       Ration            |       |       |     2 ||     2
Armor: Ring mail         |    12 |    18 |    28 ||    58
Dodge: Dodged            |    24 |    35 |    43 ||   102
